 Seeded DCSS version 0.28-a0-1206-g193881a (webtiles) character file.

Game seed: 8546055185948302849 (custom seed)

23 Illumine the Caller (level 3, -1/24 HPs)
             Began as a Barachi Summoner on Dec 20, 2021.
             Killed by nerve-wracking pain
             ... invoked by Jessica
              (13 damage)
             ... on level 2 of the Dungeon.
             The game lasted 00:02:47 (1780 turns).

Illumine the Caller (Barachi Summoner)              Turns: 1780, Time: 00:02:48

Health: -1/24      AC:  2    Str:  9    XL:     3   Next: 0%
Magic:  2/7        EV: 12    Int: 17    God:
Gold:   46         SH:  0    Dex: 12    Spells: 4/7 levels left

rFire   . . .      SeeInvis .   e - +0 short sword
rCold   . . .      Faith    .   (no shield)
rNeg    . . .      Spirit   .   a - +0 robe
rPois   .          Reflect  .   (no helmet)
rElec   .          Harm     .   (no cloak)
rCorr   .          Rampage  .   (no gloves)
Will    .....                   (no boots)
Stlth   ++........              (no amulet)
HPRegen 0.08/turn               (no ring)
MPRegen 0.10/turn               (no ring)

@: slowed, very slow
A: amphibious, slowness 1, strong legs 1, +LOS
a: Hop


You were on level 2 of the Dungeon.
You visited 1 branch of the dungeon, and saw 2 of its levels.

You collected 46 gold pieces.

Inventory:

Hand Weapons
 e - a +0 short sword (weapon)
Missiles
 b - 5 poisoned darts
Armour
 a - a +0 robe (worn)
Scrolls
 d - a scroll of fear {unknown}
Potions
 c - 2 potions of mutation {unknown}


   Skills:
 - Level 2.1 Dodging
 - Level 1.7 Stealth
 + Level 2.9 Spellcasting
 + Level 5.3 Summonings


You had 4 spell levels left.
You knew the following spells:

 Your Spells              Type           Power      Damage    Failure   Level
a - Summon Small Mammal   Summ           80%        N/A       1%          1
b - Call Imp              Summ           20%        N/A       3%          2

Your spell library contained the following spells:

 Spells                   Type           Power      Damage    Failure   Level
 Call Canine Familiar     Summ           20%        N/A       6%          3
 Summon Guardian Golem    Hex/Summ       11%        N/A       17%         3
 Summon Lightning Spire   Summ/Air       11%        N/A       50%         4


Dungeon Overview and Level Annotations

Branches:
Dungeon (2/15)

Altars:

Shops:
D:2 ?

Annotations:
D:2 Jessica


Innate Abilities, Weirdness & Mutations

You are amphibious.
You cover ground slowly.
You can hop short distances.
You have an extended range of vision and can be seen from far away.


Message History

There is a stone staircase leading down here.
An endoplasm is nearby!
A quokka comes into view.
The endoplasm quivers.
Jessica the Apprentice Sorceress comes into view.
She is wielding a +0 club.
Jessica shouts!
Casting: Call Imp (safe; 3% risk of failure)
Confirm with . or Enter, or press ? or * to list all spells.
A beastly little devil appears in a puff of flame.
Your crimson imp disappears in a puff of smoke!
Jessica gestures wildly while chanting.
Jessica seems to speed up.
The endoplasm closely misses you.
Jessica looks very angry.
The endoplasm hits you.
Your crimson imp hits the endoplasm.
An adder comes into view.
You hit the endoplasm but do no damage.
The endoplasm is severely wounded.
The endoplasm hits you.
Your crimson imp hits the endoplasm.
The endoplasm dies!
You have reached level 3!
Your experience leads to an increase in your attributes!
Increase (S)trength, (I)ntelligence, or (D)exterity?
You feel clever. x2
Jessica closely misses you.
You closely miss Jessica. Jessica gestures at you while chanting.
You feel yourself slow down.
Your crimson imp barely misses Jessica.
Jessica misses you.
Unknown command.
Casting: Call Imp (safe; 3% risk of failure)
Confirm with . or Enter, or press ? or * to list all spells.
A beastly little devil appears in a puff of frigid air.
Your crimson imp disappears in a puff of smoke!
Jessica closely misses you. Jessica hits you with a +0 club.
Unknown command.
Jessica casts a spell at you. Pain shoots through your body!
Ouch! That really hurt!
You die...

#.#.## #.##.##.# #.#
#.#...##.##.##.# #.# .
#.###.#.....##.# #.#
.#.###..........####.####
........................
#......###.#######.####
#........... ..# #.....
#........# ###.# ######
..##.....@..#####.# #
.........§§......># #
..##....@...#####.########
#..5Sr#### #.......##
#.....# #...†..... #.....#
#.......##
###..#########...<...# #..
#..........###### #..
#..........'.....


You could see an adder, Jessica (fast), a quokka (ally target) and a friendly
white imp (summoned).

Vanquished Creatures
  A kobold (D:2)
  A frilled lizard (D:1)
  2 rats (D:1)
4 creatures vanquished.

Vanquished Creatures (collateral kills)
  2 dart slugs
  2 endoplasms
  A hobgoblin (D:1)
  A kobold (D:1)
  2 quokkas (D:1)
  A ball python (D:1)
  4 bats
  A frilled lizard (D:1)
  A goblin (D:1)
  A rat (D:1)
16 creatures vanquished.

Grand Total: 20 creatures vanquished

Notes
Turn   | Place    | Note
-------+----------+-------------------------------------------
     0 | D:1      | Illumine the Barachi Summoner began the quest for the Orb.
     0 | D:1      | Reached XP level 1. HP: 13/13 MP: 3/3
   139 | D:1      | Reached skill level 5 in Summonings
   365 | D:1      | Reached XP level 2. HP: 17/19 MP: 1/5
   368 | D:1      | Learned a level 2 spell: Call Imp
  1088 | D:1      | Found a faded altar of an unknown god.
  1627 | D:2      | Found Noahac's Magic Scroll Boutique.
  1771 | D:2      | Noticed Jessica
  1777 | D:2      | Reached XP level 3. HP: 17/24 MP: 4/7
  1780 | D:2      | Killed from afar by Jessica

Illustrated notes

Levels and vault maps discovered:
D:1:      roderic_chinese_lattice_arrival, layout_basic,
          hellmonk_ecumenical_altar_leap_of_faith
D:2:      layout_basic, serial_shops, nicolae_shop_trees, minmay_liquid_box,
          uniq_jessica

Skill      XL: |  1 |
---------------+----+-----
Summonings     | 5 |  5.3
Dodging        | |  2.1
Stealth        | |  1.7
Spellcasting   | |  2.9

Action                   || total
-------------------------++-------
Melee: Unarmed           ||    37
       Short sword       ||     2
 Cast: Summon Small Mamm ||    12
       Call Imp          ||    17
Armor: Robe              ||    16
Dodge: Dodged            ||    58

Table legend: (Time is in decaauts)
 A = Elapsed time spent in this place.
 B = Non-inter-level travel time spent in this place.
 C = Inter-level travel time spent in this place.
 D = Time resting spent in this place.
 E = Time spent auto-exploring this place.
 F = Levels seen in this place.
 G = Mean time per level.
                   A        B        C        D        E       F      G
               +--------+--------+--------+--------+--------+-----+--------+
         Total |   1962 |   1925 |     37 |    258 |   1341 |   2 |  981.0 |
       Dungeon |   1962 |   1925 |     37 |    258 |   1341 |   2 |  981.0 |
               +--------+--------+--------+--------+--------+-----+--------+

Top non-repeatable levels by time:
     D:1: 1617 daAuts
     D:2: 345 daAuts
